 Dungeon Crawl Stone Soup version 0.16.1-11-g651b585 (webtiles) character file.

7540 Zugr the Transmogrifier (level 10, 0/103 HPs)
             Began as a Yellow Draconian Transmuter on Mar 30, 2015.
             Was a High Priest of Okawaru.
             Slain by a shadow (20 damage)
             ... on level 12 of the Dungeon on Mar 31, 2015.
             The game lasted 00:49:13 (10618 turns).

Zugr the Transmogrifier (DrTm)                     Turns: 10618, Time: 00:49:14

Health: 0/103      AC:  6    Str: 12    XL:     10   Next: 96%
Magic:  18/18      EV: 15    Int: 13    God:    Okawaru [*****.]
Gold:   596        SH:  0    Dex: 24    Spells: 3 memorised, 7 levels left

rFire  x . .     SeeInvis .       - Unarmed
rCold  + + +     Clarity  .     (armour unavailable)
rNeg   . . .     SustAb   .     (shield currently unavailable)
rPois  +         Gourm    +     (helmet currently unavailable)
rElec  .         Spirit   .     D - melded +0 cloak (curse)
rCorr  .         Warding  .     (gloves currently unavailable)
rMut   .         Stasis   .     v - melded +0 pair of boots
MR     .....                    G - amulet of the gourmand
Stlth  ++........               j - +3 ring of dexterity
                                m - +5 ring of dexterity

@: ice-form (expiring), not resistant to hostile enchantments, unstealthy
A: (spit acid), (acid resistance), unfitting armour, (cold-blooded), AC +7
a: End Transformation, Heroism, Finesse, Renounce Religion


You were on level 12 of the Dungeon.
You worshipped Okawaru.
Okawaru was extremely pleased with you.
You were not hungry.
You were a creature of crystalline ice.
You visited 2 branches of the dungeon, and saw 12 of its levels.
You also visited: Sewer.

You collected 596 gold pieces.

Inventory:

Missiles
 b - 143 arrows
 i - 6 tomahawks of dispersal (quivered)
 k - 29 arrows of frost
 y - 16 arrows of dispersal
Armour
 v - a +0 pair of boots (melded)
 D - a cursed +0 cloak (melded)
Jewellery
 g - an uncursed amulet of stasis
 j - a +3 ring of dexterity (right front paw)
 m - a +5 ring of dexterity (left front paw)
 p - an uncursed ring of ice {unknown}
 G - an amulet of the gourmand (around neck)
 J - an uncursed ring of protection from fire {unknown}
Magical devices
 t - a wand of enslavement (10)
 u - a wand of enslavement (8)
 w - a wand of magic darts (32)
 x - a wand of cold (2)
 A - a wand of paralysis (10)
 C - a wand of magic darts (27)
 O - a wand of cold (8)
Scrolls
 c - 2 scrolls of identify
 h - a scroll of noise
 q - 6 scrolls of teleportation
 B - a scroll of remove curse
 F - a scroll of immolation {unknown}
 H - a scroll of fear
 K - a scroll of magic mapping
 M - a scroll of blinking {unknown}
 N - a scroll of enchant armour
Potions
 e - 5 potions of flight
 f - 2 potions of agility {unknown}
 l - 2 potions of might
 n - 2 potions of mutation
 o - a potion of poison {unknown}
 z - a potion of haste {unknown}
 E - 2 potions of restore abilities
 I - a potion of brilliance {unknown}
 L - a potion of heal wounds
Books
 d - a book of Changes

   Spells                             Type                      Level
   a - Beastly Appendage              Transmutation                1
   b - Sticks to Snakes               Transmutation                2
   c - Spider Form                    Transmutation/Poison         3
   d - Ice Form                       Ice/Transmutation            4
   e - Blade Hands                    Transmutation                5
Comestibles
 a - 7 bread rations
 r - 2 meat rations
 s - 5 beef jerkies
 P - 8 chunks of flesh


   Skills:
 - Level 7.1 Fighting
 + Level 5.8 Dodging
 + Level 9.4 Unarmed Combat
 - Level 3.2 Spellcasting
 - Level 11.0 Transmutations


You had 7 spell levels left.
You knew the following spells:

 Your Spells              Type           Power        Failure   Level  Hunger
a - Beastly Appendage     Trmt           ####..       1%          1    #......
b - Spider Form           Trmt/Pois      ###.......   10%         3    ###....
c - Ice Form              Ice/Trmt       ###.....     28%         4    #####..


Dungeon Overview and Level Annotations

Branches:
Dungeon (12/15)            Temple (1/1) D:4            Lair (0/8) D:8
    Orc: D:9-12

Altars:
Ashenzari
Cheibriados
Dithmenos
Elyvilon
Fedhas
Gozag
Kikubaaqudgha
Makhleb
Nemelex Xobeh
Okawaru
Qazlal
Ru
Sif Muna
Trog
Vehumet
Xom
Yredelemnul
Zin
The Shining One
Lugonu


Innate Abilities, Weirdness & Mutations

((You can spit globs of acid.))
((You can corrode armour when you spit acid.))
((You are resistant to acid.))
((Your golden yellow scales are hard (AC +7).))
Your body does not fit into most forms of armour.
((Your cold-blooded metabolism reacts poorly to cold.))


Message History

The hill giant hits you with a giant club!
You hit the hill giant. You freeze the hill giant.
The hill giant is heavily wounded.
You punch the hill giant! You freeze the hill giant.
The hill giant is severely wounded.
The hill giant hits you with a giant club!!!
* * * LOW HITPOINT WARNING * * *
You pummel the hill giant!! You freeze the hill giant!
You kill the hill giant!
Okawaru accepts your kill.
Your transformation is almost over.
The shadow slips into darkness.
The shadow flickers and vanishes!
Deactivating autopickup; reactivate with Ctrl-A.
Found a beef jerky.
Items here: )) [ † a giant club; a dagger; a robe; an orc corpse You are too injured to fight recklessly!
The shadow strikes at you from the darkness!
You die...

...........###
..#...........####
.................#
.............######
.......#)#...#
...##.)##..## #
#%#)#.....#
#))).##..# #Y...#
...# #{..## #..#
...## .. #....
....## ......
...##. .### .#


There were no monsters in sight!

Vanquished Creatures
  A hill giant (D:12)
  Maurice (D:8)
  An efreet (D:12)
  A troll (D:10)
  Prince Ribbit (D:5)
  A two-headed ogre (D:8)
  A spriggan (D:9)
  Eustachio (D:8)
  4 yaks (D:10)
  3 hippogriffs (D:8)
  A steam dragon (D:10)
  2 ice beasts
  4 orc warriors
  A black bear (D:9)
  A water moccasin (D:8)
  2 eyes of draining (D:9)
  5 ogres
  3 sky beasts
  A phantom (D:9)
  4 centaurs
  A crocodile (D:8)
  6 giant frogs
  5 scorpions
  4 killer bees (D:10)
  3 wights (D:9)
  4 crimson imps
  2 centaur zombies
  7 hounds
  3 orc priests
  6 orc wizards
  A giant frog skeleton (D:6)
  2 jellies (D:7)
  2 iguanas
  A merfolk avatar (Sewer)
  A siren (Sewer)
  4 worker ants
  A hound skeleton (D:10)
  14 adders
  A river rat (D:4)
  2 shadow imps
  3 giant mites
  3 worms
  13 giant geckos
  2 oozes
  36 orcs
  8 ball pythons
  11 bats
  A bat skeleton (D:4)
  2 bat zombies
  10 hobgoblins
  13 jackals
  2 quokkas
  9 giant cockroaches
  A giant gecko skeleton (D:4)
  7 giant newts
  A giant spore (D:9)
  13 goblins
  13 kobolds
  A quokka skeleton (D:7)
  37 rats
295 creatures vanquished.

Vanquished Creatures (others)
  An orc priest (D:8)
  2 orc wizards (D:12)
  14 drowned souls (Sewer)
  2 orcs (D:8)
  2 giant spores (D:8)
21 creatures vanquished.

Grand Total: 316 creatures vanquished

Notes
Turn   | Place    | Note
--------------------------------------------------------------
     0 | D:1      | Zugr, the Draconian Transmuter, began the quest for the Orb.
     0 | D:1      | Reached XP level 1. HP: 16/16 MP: 3/3
    69 | D:1      | Reached XP level 2. HP: 23/23 MP: 2/4
   356 | D:1      | Reached skill level 4 in Unarmed Combat
   753 | D:1      | Reached XP level 3. HP: 28/28 MP: 4/6
  1042 | D:2      | Learned a level 3 spell: Spider Form
  1154 | D:2      | Found a deep blue altar of Sif Muna.
  1406 | D:2      | Found a sparkling altar of Nemelex Xobeh.
  1646 | D:3      | Found a radiant altar of Vehumet.
  1700 | D:3      | Reached skill level 5 in Unarmed Combat
  1700 | D:3      | Reached XP level 4. HP: 30/35 MP: 7/7
  1721 | D:3      | Found a glowing golden altar of the Shining One.
  2230 | D:4      | Noticed an ogre
  2406 | D:4      | Killed an ogre
  2406 | D:4      | Reached skill level 6 in Unarmed Combat
  2406 | D:4      | Reached XP level 5. HP: 16/40 MP: 7/9
  2600 | D:4      | Found a staircase to the Ecumenical Temple.
  2608 | Temple   | Entered the Ecumenical Temple
  2626 | Temple   | Became a worshipper of Warmaster Okawaru
  2703 | D:4      | Noticed an ogre
  2721 | D:4      | Killed an ogre
  2721 | D:4      | Reached XP level 6. HP: 18/47 MP: 0/10
  2805 | D:4      | Found a glowing drain.
  2817 | Sewer    | Entered a sewer
  2965 | Sewer    | Reached skill level 7 in Unarmed Combat
  3207 | Sewer    | Noticed a drowned soul
  3207 | Sewer    | Noticed a drowned soul
  3209 | Sewer    | Killed a drowned soul
  3211 | Sewer    | Killed a drowned soul
  3219 | Sewer    | Noticed a drowned soul
  3220 | Sewer    | Noticed a drowned soul
  3220 | Sewer    | Noticed a drowned soul
  3223 | Sewer    | Noticed a drowned soul
  3224 | Sewer    | Noticed a drowned soul
  3224 | Sewer    | Killed a drowned soul
  3224 | Sewer    | Killed a drowned soul
  3226 | Sewer    | Noticed a drowned soul
  3227 | Sewer    | Noticed a drowned soul
  3228 | Sewer    | Killed a drowned soul
  3229 | Sewer    | Noticed a drowned soul
  3230 | Sewer    | Killed a drowned soul
  3233 | Sewer    | Noticed a drowned soul
  3234 | Sewer    | Killed a drowned soul
  3235 | Sewer    | Noticed a drowned soul
  3236 | Sewer    | Noticed a drowned soul
  3237 | Sewer    | Killed a drowned soul
  3238 | Sewer    | Noticed a drowned soul
  3240 | Sewer    | Noticed a drowned soul
  3240 | Sewer    | Killed a drowned soul
  3240 | Sewer    | Killed a drowned soul
  3241 | Sewer    | Noticed a drowned soul
  3243 | Sewer    | Noticed a drowned soul
  3245 | Sewer    | Killed a drowned soul
  3246 | Sewer    | Killed a drowned soul
  3247 | Sewer    | Noticed a drowned soul
  3247 | Sewer    | Killed a drowned soul
  3248 | Sewer    | Noticed a drowned soul
  3250 | Sewer    | Noticed a drowned soul
  3251 | Sewer    | Killed a drowned soul
  3252 | Sewer    | Noticed a drowned soul
  3253 | Sewer    | Acquired Okawaru's first power
  3742 | D:4      | Reached skill level 8 in Unarmed Combat
  4104 | D:5      | Entered Level 5 of the Dungeon
  4118 | D:5      | Your scales start taking on a golden yellow colour.
  4118 | D:5      | Reached XP level 7. HP: 50/52 MP: 12/12
  4185 | D:5      | HP: 1/53 [something (6)]
  4539 | D:5      | Found a sacrificial altar of Ru.
  4870 | D:5      | Noticed Prince Ribbit
  4882 | D:5      | Killed Prince Ribbit
  4882 | D:5      | Reached XP level 8. HP: 19/66 MP: 7/13
  5236 | D:5      | Found an opulent altar of Gozag.
  5661 | D:6      | Learned a level 4 spell: Ice Form
  5718 | D:6      | Reached skill level 5 in Fighting
  5909 | D:6      | Found a basalt altar of Yredelemnul.
  5909 | D:6      | Found a bloodstained altar of Trog.
  5975 | D:6      | Found a shattered altar of Ashenzari.
  6474 | D:7      | Reached skill level 5 in Transmutations
  6808 | D:7      | Reached XP level 9. HP: 74/78 MP: 15/18
  7110 | D:8      | Found an ancient bone altar of Kikubaaqudgha.
  7115 | D:8      | Noticed Eustachio
  7221 | D:8      | Killed Eustachio
  7239 | D:8      | Noticed Maurice
  7255 | D:8      | Killed Maurice
  7601 | D:8      | Found a staircase to the Lair.
  8536 | D:9      | Reached skill level 9 in Transmutations
  9038 | D:9      | Reached XP level 10. HP: 86/86 MP: 0/18
  9044 | D:9      | Reached skill level 10 in Transmutations
  9350 | D:9      | Found a glowing silver altar of Zin.
  9856 | D:10     | Entered Level 10 of the Dungeon
  9876 | D:10     | Reached skill level 11 in Transmutations
  9888 | D:10     | Noticed a hill giant
 10337 | D:10     | Reached skill level 5 in Dodging
 10424 | D:10     | Acquired Okawaru's second power
 10592 | D:10     | You fall through a shaft for 2 floors!
 10606 | D:12     | Noticed a hill giant
 10616 | D:12     | Killed a hill giant
 10618 | D:12     | Slain by a shadow

Action                   |  1- 3 |  4- 6 |  7- 9 | 10-12 || total
-------------------------+-------+-------+-------+-------++-------
Melee: Unarmed           |   141 |   219 |   335 |   132 ||   827
 Cast: Beastly Appendage |    33 |    38 |    27 |       ||    98
       Spider Form       |       |       |    31 |       ||    31
       Ice Form          |       |       |     5 |    14 ||    19
Invok: Heroism           |       |       |     4 |     3 ||     7
 Abil: Spit Acid         |       |       |     2 |       ||     2
       End Transformatio |       |       |     1 |       ||     1
  Use: Scroll            |     3 |     1 |     7 |       ||    11
       Potion            |       |     2 |     1 |       ||     3
 Stab: Sleeping          |       |     2 |     1 |     1 ||     4
       Distracted        |       |       |       |     1 ||     1
  Eat: Chunk             |     3 |     7 |    30 |     3 ||    43
       Bread ration      |       |     1 |       |       ||     1
       Royal jelly       |       |     1 |       |       ||     1
